 Dungeon Crawl Stone Soup version 0.29.0-4-gdea44cf6ec (webtiles) character file.

Game seed: 10539183369954220737

65 qw the Chopper (level 4, -8/26 HPs)
             Began as a Tengu Warper on Aug 28, 2022.
             Killed from afar by Sigmund (11 damage)
             ... with a puff of flame
             ... on level 2 of the Dungeon.
             The game lasted 00:00:07 (1673 turns).

qw the Chopper (Tengu Warper)                       Turns: 1673, Time: 00:00:07

Health: -8/26      AC:  4    Str: 14    XL:     4   Next: 13%
Magic:  8/8        EV: 12    Int: 13    God:
Gold:   126        SH:  0    Dex: 13    Spells: 7/7 levels left

rFire   . . .      SeeInvis .   Y - +0 hand axe
rCold   . . .      Faith    .   (no shield)
rNeg    . . .      Spirit   .   b - +0 leather armour
rPois   .          Reflect  .   (helmet restricted)
rElec   .          Harm     .   (no cloak)
rCorr   .          Rampage  .   m - +0 pair of gloves
Will    .....                   (boots unavailable)
Stlth   +.........              (no amulet)
HPRegen 0.08/turn               (no ring)
MPRegen 0.11/turn               (no ring)

@: no status effects
A: beak, talons 3
a: no special abilities


You were on level 2 of the Dungeon.
You visited 1 branch of the dungeon, and saw 2 of its levels.

You collected 126 gold pieces.


Innate Abilities, Weirdness & Mutations

You have a beak for a mouth.
You have claws for feet.


   Skills:
 - Level 2.0 Fighting
 + Level 4.7 Axes
 - Level 1.0 Throwing
 - Level 1.1 Armour
 - Level 2.1 Dodging
 - Level 2.0 Spellcasting
 - Level 2.4 Translocations


You had 7 spell levels left.
You didn't know any spells.
Your spell library contained the following spells:

 Spells                   Type           Power      Damage    Failure   Level
 Blink                    Tloc           14%        N/A       19%         2
 Gell's Gravitas          Tloc           7%         N/A       34%         3
 Lesser Beckoning         Tloc           7%         N/A       34%         3
 Teleport Other           Tloc           7%         N/A       34%         3
 Manifold Assault         Tloc           7%         N/A       97%         5

Inventory:

Hand Weapons
 j - a +0 flail
 Y - a +0 hand axe (weapon)
Armour
 b - a +0 leather armour (worn)
 m - a +0 pair of gloves (worn)
Jewellery
 f - a ring of fire
Scrolls
 g - 2 scrolls of identify
Potions
 k - a potion of attraction {unknown}

Dungeon Overview and Level Annotations

Branches:
Dungeon (2/15)

Altars:

Annotations:
D:2 Sigmund


Message History

The ball python constricts you.
You hit the ball python.
You kill the ball python!
You start resting.
You feel yourself speed up.
Sigmund the Dreaded comes into view.
He is wielding a +0 scythe.
1659 ||| Stepping ~*~*~tactically~*~*~ (stealth).
You start resting.
Sigmund is nearby!
Found a scroll of identify.
Sigmund shouts!
Sigmund completely misses you.
You hit Sigmund.
Sigmund is lightly wounded.
You hit Sigmund. You claw Sigmund.
Sigmund is heavily wounded.
Sigmund closely misses you.
You closely miss Sigmund. Your kick misses Sigmund.
Sigmund is heavily wounded.
Sigmund hits you but does no damage.
You hit Sigmund.
Sigmund is severely wounded.
Sigmund gestures at you while chanting.
You are confused.
You miss Sigmund. Your peck misses Sigmund.
Sigmund is severely wounded.
Sigmund points at you and mumbles some strange words.
The magic dart hits you!
You closely miss Sigmund.
Sigmund is severely wounded.
Sigmund closely misses you.
You're too confused to move!
You hit Sigmund.
Sigmund is almost dead.
Sigmund points at you and mumbles some strange words.
The magic dart hits you.
You feel less confused.
Sigmund points at you and mumbles some strange words.
The puff of flame hits you!
You die...

#.......##
#..###....
#....#.###
###.##..>#
....).....#
###...###.#
...... #.# .....
#.#
....#####@######
...............#
#########@.###.#
#.... #..#.#
.....# #....#
..... #?...#


You could see Sigmund.

Vanquished Creatures
  Natasha (D:2)
  A gnoll (D:1)
  An adder (D:2)
  3 ball pythons
  A bat (D:1)
  4 endoplasms (D:1)
  3 goblins (D:1)
  A hobgoblin (D:1)
  2 quokkas (D:1)
  2 kobolds (D:1)
  2 rats
21 creatures vanquished.

Notes
Turn   | Place    | Note
-------+----------+-------------------------------------------
     0 | D:1      | qw the Tengu Warper began the quest for the Orb.
     0 | D:1      | Reached XP level 1. HP: 12/12 MP: 4/4
     0 | D:1      | 0 ||| qw: Version: 0.1-a-89-g26bdef1
     0 | D:1      | 0 ||| qw: Game counter: 3087
     0 | D:1      | 0 ||| qw: Always use a shield: true
     0 | D:1      | 0 ||| qw: God list: Okawaru
     0 | D:1      | 0 ||| qw: Allow faded altars: false
     0 | D:1      | 0 ||| qw: Do Orc after D:15 true
     0 | D:1      | 0 ||| qw: Do second Lair branch before Depths: true
     0 | D:1      | 0 ||| qw: Lair rune preference: random
     0 | D:1      | 0 ||| qw: Plans: Normal
     0 | D:1      | 0 ||| PLANNING D:1-11
   344 | D:1      | Reached XP level 2. HP: 17/17 MP: 6/6
   345 | D:1      | Reached skill level 3 in Axes
   758 | D:1      | Found a faded altar of an unknown god.
   808 | D:1      | Reached XP level 3. HP: 21/21 MP: 7/7
  1511 | D:1      | 1511 ||| UPGRADING to +0 pair of gloves.
  1516 | D:1      | 1516 ||| DROPPING +6 ring of intelligence.
  1517 | D:1      | 1517 ||| READING 2 scrolls labelled BIDISUTTIAFF.
  1520 | D:1      | 1520 ||| READING 2 scrolls labelled SEIBIP TUTU.
  1521 | D:1      | 1521 ||| READING scroll labelled IFFIRI VETIS.
  1522 | D:1      | 1522 ||| READING scroll labelled VAINUV SIUMNYE.
  1523 | D:1      | 1523 ||| READING scroll labelled XUGEQ MEVANWO.
  1524 | D:1      | 1524 ||| DROPPING scroll of blinking.
  1525 | D:1      | 1525 ||| READING scroll of teleportation.
  1571 | D:2      | Noticed Natasha
  1580 | D:2      | Reached skill level 4 in Axes
  1582 | D:2      | Killed Natasha
  1583 | D:2      | Reached XP level 4. HP: 9/26 MP: 8/8
  1658 | D:2      | Noticed Sigmund
  1659 | D:2      | 1659 ||| Stepping ~*~*~tactically~*~*~ (stealth).
  1672 | D:2      | HP: 3/26 [Sigmund/magic dart (6)]
  1673 | D:2      | Killed from afar by Sigmund

Levels and vault maps discovered:
D:1:      dpeg_arrival_signposts, layout_loops_corners,
          ebering_ecumenical_altar_box, serial_aquarium,
          aquarium_bridge_straight [aquarium_subvault_bridge,
          aquarium_subvault_wall, aquarium_subvault_bridge,
          aquarium_subvault_wall], aquarium_window_fake, aquarium_window_2,
          aquarium_view_2c
D:2:      layout_basic, glass_columns_b, uniq_sigmund, uniq_natasha,
          uniq_terence

Skill      XL: |  1  2  3 |
---------------+----------+-----
Axes           | 3 4 |  4.7
Fighting       | |  2.0
Throwing       | |  1.0
Armour         | |  1.1
Dodging        | |  2.1
Spellcasting   | |  2.0
Translocations | |  2.4

Action                   |  1- 3 |  4- 6 || total
-------------------------+-------+-------++-------
Melee: Hand axe          |    42 |     9 ||    51
       Kick              |     5 |     1 ||     6
       Peck              |     3 |       ||     3
       Punch             |     1 |       ||     1
Throw: Boomerang         |     7 |       ||     7
  Use: Scroll            |     6 |       ||     6
Armor: Leather armour    |    10 |     1 ||    11
Dodge: Dodged            |    28 |     6 ||    34

Table legend:
 A = Non-vault XP
 B = Vault XP
 C = Vault XP percentage of total XP
 D = Non-vault monster count
 E = Vault monster count
 F = Vault count percentage of total count
                 A         B        C        D         E       F
            +---------+---------+-------+---------+---------+-------
      Total |      58 |      35 |  37.6 |      20 |       1 |   4.8
            +---------+---------+-------+---------+---------+-------
        D:1 |      43 |       0 |   0.0 |      17 |       0 |   0.0
        D:2 |      15 |      35 |  70.0 |       3 |       1 |  25.0
            +---------+---------+-------+---------+---------+-------
